 Dungeon Crawl Stone Soup version 0.27-a0-597-g524d869a0f (webtiles) character file.

Game seed: 15346673770075772566

221 wakim the Poker (level 5, 0/41 HPs)
             Began as a Merfolk Gladiator on Mar 11, 2021.
             Succumbed to a scorpion's poison
             ... on level 3 of the Dungeon.
             The game lasted 00:08:22 (3601 turns).

wakim the Poker (Merfolk Gladiator)                 Turns: 3601, Time: 00:08:23

Health: 0/41       AC:  5    Str: 12    XL:     5   Next: 98%
Magic:  5/5        EV: 14    Int:  8    God:
Gold:   137        SH:  0    Dex: 16    Spells: 4/4 levels left

rFire    . . .     SeeInvis .   a - +0 trident
rCold    . . .     Faith    .   (no shield)
rNeg     . . .     Spirit   .   b - +0 leather armour
rPois    .         Reflect  .   k - +2 hat
rElec    .         Harm     .   (no cloak)
rCorr    .         Rampage  .   (no gloves)
Will     .....                  (no boots)
Stlth    ++........             (no amulet)
HPRegen  0.13/turn              (no ring)
MPRegen  0.09/turn              (no ring)

@: lethally poisoned (0 -> -11)
A: change form in water, amphibious, mutation resistance 1, weak 1, nimble
swimmer 2
a: no special abilities


You were on level 3 of the Dungeon.
You visited 1 branch of the dungeon, and saw 3 of its levels.

You collected 137 gold pieces.

Inventory:

Hand Weapons
 a - a +0 trident (weapon)
Missiles
 d - 3 throwing nets
 h - 43 sling bullets
 j - 11 boomerangs (quivered)
Armour
 b - a +0 leather armour (worn)
 f - a +0 kite shield
 i - a +0 helmet
 k - a +2 hat (worn)
Scrolls
 m - a scroll of enchant weapon {unknown}
 Y - 3 scrolls of teleportation {@r3}
 Z - 2 scrolls of identify {@r1}
Potions
 e - a potion of curing {unknown}
 g - a potion of lignification {unknown}
 l - a potion of magic {unknown}
 U - a potion of mutation


   Skills:
 + Level 3.4 Fighting
 * Level 6.8 Polearms
 - Level 2.0 Throwing
 + Level 5.1 Dodging
 + Level 2.8 Stealth


You had 4 spell levels left.
You didn't know any spells.
Your spell library was empty.

Dungeon Overview and Level Annotations

Branches:
Dungeon (3/15)

Altars:
Sif Muna
Vehumet


Innate Abilities, Weirdness & Mutations

You revert to your normal form in water.
You are amphibious.
You are quick and stealthy while swimming. (Stealth+, EV+, Speed+++)
You are somewhat resistant to further mutation.
You are weak. (Str -2)


Message History

You barely miss the scorpion.
The scorpion is heavily wounded.
The scorpion stings you.
You hit the scorpion but do no damage.
The scorpion is heavily wounded.
You closely miss the scorpion.
The scorpion is heavily wounded.
You hit the scorpion.
The scorpion is heavily wounded.
You hit the scorpion.
The scorpion is almost dead.
The scorpion stings you.
* * * LOW HITPOINT WARNING * * *
You closely miss the scorpion.
The scorpion is almost dead.
You closely miss the scorpion.
The scorpion is almost dead.
The scorpion stings you.
* * * LOW HITPOINT WARNING * * *
You hit the scorpion but do no damage.
The scorpion is almost dead.
The scorpion stings you!
* * * LOW HITPOINT WARNING * * *
You are more poisoned.
The scorpion poisons you!
You closely miss the scorpion.
The scorpion is almost dead.
* * * LOW HITPOINT WARNING * * *
You closely miss the scorpion.
The scorpion is almost dead.
* * * LOW HITPOINT WARNING * * *
The scorpion stings you.
* * * LOW HITPOINT WARNING * * *
You puncture the scorpion!
You kill the scorpion!
* * * LOW HITPOINT WARNING * * *
It was a potion of mutation.
You feel extremely strange.
You feel weaker.
You feel genetically stable.
U - a potion of mutation You die...

#.## ##........
#..##
#.###.####
#.#.###.## #.#
#.###†#..#.#
#.# #.......#.#
#+# #####.#####
#.## #####..##
#...@...#
..)...........+
####.......####
#.......# #.#
#....##.# ###
#.# #.#.## .#
..# #.# #.#. .#
#+# #.###.#
.... #.#
...##.# #.#


There were no monsters in sight!

Vanquished Creatures
  A scorpion (D:3)
  An orc priest (D:2)
  2 adders (D:2)
  An ooze (D:2)
  3 worms (D:2)
  5 dart slugs
  A leopard gecko (D:3)
  7 orcs
  10 bats
  5 giant cockroaches
  8 goblins
  2 hobgoblins
  12 jackals (D:1)
  8 frilled lizards
  17 kobolds
  9 rats
92 creatures vanquished.

Notes
Turn   | Place    | Note
-------+----------+-------------------------------------------
     0 | D:1      | wakim the Merfolk Gladiator began the quest for the Orb.
     0 | D:1      | Reached XP level 1. HP: 16/16 MP: 1/1
    77 | D:1      | Reached XP level 2. HP: 9/23 MP: 2/2
   435 | D:1      | Reached skill level 1 in Stealth
   436 | D:1      | Reached skill level 5 in Polearms
   509 | D:1      | Reached XP level 3. HP: 28/28 MP: 3/3
  1779 | D:2      | Reached XP level 4. HP: 34/34 MP: 4/4
  1799 | D:2      | Found a radiant altar of Vehumet.
  1966 | D:2      | Reached skill level 6 in Polearms
  2087 | D:2      | Reached XP level 5. HP: 37/41 MP: 5/5
  2493 | D:2      | Found a shimmering blue altar of Sif Muna.
  3199 | D:3      | Reached skill level 5 in Dodging
  3599 | D:3      | HP: 1/41 [scorpion (2)]
  3601 | D:3      | Gained mutation: You are weak. (Str -2) [potion of
                  | mutation]
  3601 | D:3      | Gained mutation: You are somewhat resistant to further
                  | mutation. [potion of mutation]
  3601 | D:3      | Succumbed to a scorpion's poison

Illustrated notes

Levels and vault maps discovered:
D:1:      giann_forest_graveyard, layout_basic, interstate_on_off
D:2:      layout_loops_corners, lemuel_round_altar, marbit_many_paths, hex_tiny,
          nrook_campfire, minmay_close_crescents
D:3:      layout_loops_corners, tgw_trog

Skill      XL: |  1  2  3  4  5 |
---------------+----------------+-----
Stealth        | 1 2 |  2.8
Polearms       | 5 6 |  6.8
Fighting       | 3 |  3.4
Dodging        | 5 |  5.1
Throwing       | |  2.0

Action                   |  1- 3 |  4- 6 || total
-------------------------+-------+-------++-------
Melee: Trident           |   167 |   182 ||   349
  Use: Scroll            |     2 |       ||     2
       Potion            |       |     2 ||     2
 Stab: Sleeping          |     4 |     5 ||     9
       Distracted        |       |     1 ||     1
Armor: Leather armour    |    35 |    39 ||    74
Dodge: Dodged            |   100 |   113 ||   213

Table legend: (Time is in decaauts)
 A = Elapsed time spent in this place.
 B = Non-inter-level travel time spent in this place.
 C = Inter-level travel time spent in this place.
 D = Time resting spent in this place.
 E = Time spent auto-exploring this place.
 F = Levels seen in this place.
 G = Mean time per level.
                   A        B        C        D        E       F      G
               +--------+--------+--------+--------+--------+-----+--------+
         Total |   3606 |   3459 |    147 |    180 |   2525 |   3 | 1202.0 |
       Dungeon |   3606 |   3459 |    147 |    180 |   2525 |   3 | 1202.0 |
               +--------+--------+--------+--------+--------+-----+--------+

Top non-repeatable levels by time:
     D:2: 1520 daAuts
     D:1: 1401 daAuts
     D:3: 685 daAuts
